 Dungeon Crawl Stone Soup version 0.27-a0-780-geb8d7bc690 (webtiles) character file.

Game seed: 14337575992052398972

5 EnegeticOcto the Magician (level 1, -2/18 HPs)
             Began as a Djinni Warper on Mar 26, 2021.
             Killed by Freeze
             ... generated by an endoplasm
              (6 damage)
             ... on level 2 of the Dungeon.
             The game lasted 00:00:57 (203 turns).

EnegeticOcto the Magician (Djinni Warper)            Turns: 203, Time: 00:00:57

Health: -2/18      AC:  3    Str: 10    XL:     1   Next: 80%
Gold:   43         EV: 11    Int: 14    God:
                   SH:  0    Dex: 12

rFire    + + .     SeeInvis .     - Unarmed
rCold    x . .     Faith    .   (no shield)
rNeg     . . .     Spirit   .   a - +0 leather armour
rPois    ∞         Reflect  .   (no helmet)
rElec    .         Harm     .   (no cloak)
rCorr    .         Rampage  .   (no gloves)
Will     .....                  (boots unavailable)
Stlth    +.........             (no amulet)
HPRegen  0.06/turn              (no ring)
MPRegen  0.00/turn              (no ring)

@: flying
A: fire resistance 2, cold vulnerability 1, float, innate caster, hp casting,
extra vitality 1
a: no special abilities


You were on level 2 of the Dungeon.
You visited 1 branch of the dungeon, and saw 2 of its levels.

You collected 43 gold pieces.

Inventory:

Missiles
 d - 5 boomerangs of dispersal (quivered)
 e - 15 poisoned darts
Armour
 a - a +0 leather armour (worn)
Scrolls
 b - 2 scrolls of identify {unknown}
 c - a scroll of blinking {@r4}


   Skills:
 - Level 2.0 Fighting
 - Level 0.7 Throwing
 - Level 1.0 Armour
 - Level 2.1 Dodging
 + Level 2.5 Unarmed Combat
 - Level 2.6 Spellcasting


You couldn't memorise any spells.
You knew the following spells:

 Your Spells              Type           Power      Damage    Failure   Level
a - Lesser Beckoning      Tloc           4%         N/A       30%         3
b - Gell's Gravitas       Tloc           4%         N/A       30%         3
c - Teleport Other        Tloc           9%         N/A       30%         3
d - Manifold Assault      Tloc           9%         N/A       95%         5
Y - Blink                 Tloc           N/A        N/A       16%         2
Your spell library was empty.

Dungeon Overview and Level Annotations

Branches:
Dungeon (2/15)

Altars:

Shops:
D:2 !*


Innate Abilities, Weirdness & Mutations

You are immune to poison.
Your flesh is very heat resistant. (rF++)
You are vulnerable to cold. (rC-)
You float through the air rather than walking.
You learn spells naturally, not from books.
Your magical power is your life essence.
You have superior vitality. (+4 HP)


Message History

Welcome, EnegeticOcto the Djinni Warper.
Will you be the one to retrieve the transcendent Orb of Zot from the depths?
Press ? for a list of commands and other information.
Found 25 gold pieces and a scroll labelled OTIR WEORANOTY.
Found a staircase leading out of the dungeon.
You begin with the following spells memorised: Blink, Lesser Beckoning, Gell's Gravitas, Teleport Other, Manifold Assault.
You now have 12 gold pieces.
b - a scroll labelled OTIR WEORANOTY You now have 25 gold pieces (gained 13).
A hobgoblin comes into view.
The hobgoblin shouts!
You hit the hobgoblin but do no damage. You barely miss the hobgoblin.
The hobgoblin barely misses you.
You barely miss the hobgoblin. The hobgoblin hits you.
You closely miss the hobgoblin. The hobgoblin hits you.
You hit the hobgoblin.
The hobgoblin is heavily wounded.
The hobgoblin hits you.
You hit the hobgoblin but do no damage.
The hobgoblin is heavily wounded.
The hobgoblin hits you.
* * * LOW HITPOINT WARNING * * *
You barely miss the hobgoblin.
The hobgoblin is heavily wounded.
The hobgoblin hits you.
* * * LOW HITPOINT WARNING * * *
You hit the hobgoblin.
The hobgoblin is severely wounded.
The hobgoblin hits you but does no damage.
You hit the hobgoblin.
You kill the hobgoblin!
You see here a hobgoblin corpse.
Found a robe.
You see here a +0 robe.
You see here a +0 robe.
You reach down and open the door.
Found 18 gold pieces.
There is an open door here.
You now have 43 gold pieces (gained 18).
You reach down and open the door.
There is an open door here.
Found a stone staircase leading down.
A ball python comes into view.
The ball python hisses angrily.
You barely miss the ball python. The ball python barely misses you.
The ball python grabs you. The ball python constricts you.
You hit the ball python.
You kill the ball python!
Found 15 poisoned darts.
There is a stone staircase leading down here.
You see here 15 poisoned darts.
e - 15 poisoned darts An endoplasm comes into view.
The endoplasm quivers.
There is a stone staircase leading down here.
You fly downwards.
There is a stone staircase leading up here.
Found a scroll labelled OTIR WEORANOTY.
Found Loupolui's General Store.
b - 2 scrolls labelled OTIR WEORANOTY (gained 1)
There is an entrance to Loupolui's General Store here.
Okay, then.
You aren't carrying any potions.
Unknown command.
You reach down and open the door.
Found an escape hatch in the floor.
There is an open door here.
Found a stone staircase leading down.
There is an escape hatch in the floor here.
As you open the door, it creaks loudly!
A dart slug comes into view.
You hit the dart slug.
The dart slug is heavily wounded.
You hit the dart slug.
You kill the dart slug!
There is an open door here.
You reach down and open the door.
There is an open door here.
An endoplasm comes into view.
The endoplasm quivers.
Found Widd's Distillery.
The endoplasm hits you.
You hit the endoplasm.
The endoplasm is moderately wounded.
The endoplasm freezes you.
You are frozen.
* * * LOW HITPOINT WARNING * * *
You hit the endoplasm but do no damage.
The endoplasm is moderately wounded.
The endoplasm freezes you.
You are frozen.
You die...

#......#
#.......
###......#
#.......
#........#
#.......
######'###
#.....#.
#.#####.#
#.....#.
#.#......
#.....#.
#.......#
#.....#.
#.#####.#.
##.####.
#.@J∩.....
##.####.
####......
+.......
.....
##.###..
....
#......
...
#.###.. ##
#.<##..
#......
##.###.
#.# ##


You could see an endoplasm.

Vanquished Creatures
  A dart slug (D:2)
  A ball python (D:1)
  A hobgoblin (D:1)
3 creatures vanquished.

Notes
Turn   | Place    | Note
-------+----------+-------------------------------------------
     0 | D:1      | EnegeticOcto the Djinni Warper began the quest for the Orb.
     0 | D:1      | Reached XP level 1. HP: 18/18 MP: 0/0
   145 | D:2      | Found Loupolui's General Store.
   198 | D:2      | Found Widd's Distillery.
   203 | D:2      | Killed from afar by an endoplasm

Illustrated notes

Levels and vault maps discovered:
D:1:      minmay_arrival_semitransparent, layout_basic, serial_forest,
          infiniplex_forest_lined_room_2, infiniplex_forest_straight_4,
          infiniplex_forest_end_double, infiniplex_forest_end_double,
          infiniplex_forest_clump_diagonal
D:2:      layout_basic, xom_butterflies, serial_shops, shop, shop,
          nicolae_shop_overgrown_old_shop, shop

Action                   || total
-------------------------++-------
Melee: Unarmed           ||    15
Armor: Leather armour    ||     1
Dodge: Dodged            ||     2

Table legend: (Time is in decaauts)
 A = Elapsed time spent in this place.
 B = Non-inter-level travel time spent in this place.
 C = Inter-level travel time spent in this place.
 D = Time resting spent in this place.
 E = Time spent auto-exploring this place.
 F = Levels seen in this place.
 G = Mean time per level.
                   A        B        C        D        E       F      G
               +--------+--------+--------+--------+--------+-----+--------+
         Total |    202 |    202 |      0 |      0 |      0 |   2 |  101.0 |
       Dungeon |    202 |    202 |      0 |      0 |      0 |   2 |  101.0 |
               +--------+--------+--------+--------+--------+-----+--------+

Top non-repeatable levels by time:
     D:1: 143 daAuts
     D:2: 58 daAuts
